 BcadrenCrawl: Boulder Brew version 0.06-688-g08e91b2d95 (webtiles) character file.

Game seed: 16448855522667921599

11489 pipel the Fencer (level 11, -4/128 HPs) Minotaur Berserker. Began on Jan 2, 2023. Was the Champion of Trog. Slain by an ogre ... wielding a +0 giant club (15 damage) ... on level 6 of the Dungeon. The game lasted 00:23:21 (6540 turns).

pipel the Fencer (Minotaur Berserker)               Turns: 6540, Time: 00:23:21

Health: -4/128     AC: 15    Str: 36    XL:     11 ^: 5435
Magic:  6/6        EV: 12    Int:  6    God:    Trog [6* [177]]
Gold:   248        SH:  0    Dex: 15    Spells: 10/10 levels left

rFire    x . .     Slash    .   F - +10 great sword of World Downfall {antimagic, *Slow rPois rC+ Str+7 Int+2}
rCold    + . .     Pierce   .   (also wielding the above weapon)
rNeg     . . .     Bludgeon .   q - +0 plate armour of Contentment {rF- Regen+ Dex+6}
rCorr    . . .     Vision   .   (helmet restricted)
rPois    +         Gourm    .   (no cloak)
rElec    .         Faith    .   (no gloves)
MR       .....     Spirit   .   A - +0 pair of boots
HPRegen  1.32/turn Reflect  .   d - amulet "Comos" {+Inv Regen+ Dex-2 Slay+3, (Curse: MR-)} (curse)
MPRegen  0.16/turn Harm     .   l - ring of magical power Stlth ..........Rnd*Rage +
                                n - ring of strength

@: berserk cooldown, slowed, very slow
A: horns, retaliatory headbutt 2, soft flesh
a: Berserk, Trog's Hand, Brothers in Arms, Renounce Religion, Evoke Invisibility


You were on level 6 of the Dungeon.
You worshipped Trog.
Trog was exalted by your worship.
You were hungry.

You visited 1 branch of the dungeon, and saw 6 of its levels.

You collected 248 gold pieces.

Inventory:

Weapons
 a - a +0 falchion
 F - the +10 great sword of World Downfall (weapon) {antimagic, *Slow rPois rC+ Str+7 Int+2}
   (Trog gifted it to you on level 4 of the Dungeon)

   It reduces the magical energy of the wielder, and disrupts the spells and
   magical abilities of those hit.
   Natural abilities and divine invocations are not affected.
   It affects your strength (+7).
   It affects your intelligence (+2).
   It protects you from cold.
   It protects you from poison.
   It may slow you when you take damage.
   Shields
 v - a +0 heater shield
Armour
 b - a +0 animal skin
 k - a +0 ring mail
 q - the +0 plate armour of Contentment (worn) {rF- Regen+ Dex+6}
   (You acquired it on level 2 of the Dungeon)

   It affects your dexterity (+6).
   It makes you vulnerable to fire.
   It increases your rate of regeneration.
 A - a +0 pair of boots (worn)
Jewellery
 d - the cursed amulet "Comos" (around neck) {+Inv Regen+ Dex-2 Slay+3, (Curse: MR-)}
   (You took it off a kobold on level 2 of the Dungeon)

   [amulet of regeneration]

   It affects your dexterity (-2).
   It affects your accuracy and damage with ranged weapons and melee attacks
   (+3).
   It lets you turn invisible.
   It increases your rate of regeneration.
   It has a curse placed upon it.
   { (Curse: MR-)}
 l - a ring of magical power (left hand)
 m - an uncursed amulet of faith
 n - a ring of strength (right hand)
 o - an uncursed ring of intelligence
 w - an uncursed ring of stealth
 z - an uncursed amulet of chaos
 C - an uncursed ring of magical power
 G - an uncursed amulet of magic regeneration
 I - a cursed ring of protection {(Curse: rC-)}
 K - an uncursed ring of ice
Wands
 x - a wand of flame (2)
 B - a wand of iceblast (2)
 H - a wand of acid (1)
 J - a wand of random effects (2)
 L - a wand of polymorph (15)
Scrolls
 e - 2 scrolls of enchantment
 f - 3 scrolls of blinking
 g - 3 scrolls of bless item
 i - 2 scrolls of teleportation
 s - a scroll of magic mapping
 u - 3 scrolls of silence
 y - 2 scrolls of holy word
Potions
 h - a potion of magic
 p - 4 potions of might
 t - 6 potions of curing
 D - a potion of haste
 E - a potion of heal wounds
Miscellaneous
 j - a lantern of shadows
Comestibles
 c - 11 rations
 r - 10 chunks of flesh


   Skills:
 + Level 9.1 Fighting
 * Level 15.1 Long Blades
 + Level 9.7 Armour
 + Level 4.0 Dodging
 + Level 1.4 Stealth
 - Level 4.5 Shields
 + Level 5.8 Unarmed Combat
 + Level 0.4 Evocations


You had 10 spell levels left.
You didn't know any spells.
Your spell library contained the following spells:

 Spells                   Type           Power        Failure   Level  Hunger
 Irradiate Tmut/Pois 0 (200) 100% 5 320-480 Cigotuvi's Degeneration Tmut/Necr 0 (200) 100% 6 440-660 Statue Form Tmut/Erth 0 (150) 100% 6 440-660 Dragon Form Tmut 0 (200) 100% 7 560-840 Infestation Tmut/Pois      0 (200)      100%        7    560-840


Dungeon Overview and Level Annotations

Branches:
Dungeon (6/8)              Temple (0/1) D:4            Lair (0/6) D:5
    Orc (0/2) D:6

Altars:
Elyvilon
Fedhas Madash
Ru
Wu Jian

Portals:
Trove: D:5 (give +3 fire dragon scales)


Innate Abilities, Weirdness & Mutations

You reflexively attack those that strike you in melee with your horns.
((Your soft flesh is weak to deep cuts.
Heavy manmade armour will nullify this weakness. (rSlashing-)))
You frequently lose your temper in combat.
This godly rage surpasses even clarity. (*Rage)


Message History

You slash the wight (15)! Your headbutt misses the wight.
The wight is almost destroyed. (2/17) HP An ogre comes into view.
The gnoll hits you with a +0 halberd (10)!
* * * LOW HITPOINT WARNING * * *
The wight hits you but does no damage.
Unknown command.
You slash the wight (15)!
You destroy the wight!
Trog accepts your kill.
The gnoll hits you with a +0 halberd (6).
* * * LOW HITPOINT WARNING * * *
You slice the gnoll (25)!!
She is lacerated severely!
You kill the gnoll!
Trog accepts your kill.
You slice the ogre (28)!!
He is lacerated severely!
You kill the ogre!
Trog accepts your kill.
The ogre hits you with a +0 giant club (15)!
You die...

########......##+##.......#
#....#.####'### #....####
#........#....# #....#
#......)†))...# #....#
#........#)...# #....#
#........#))..# #....#
#..#######)#..# #....#
##'## #)#### #...# #@#
#...#..>..O)# #...#.....#.#
#...#8...8#.# ######### #.#
... #.. #..


You could see an ogre.

Vanquished Creatures
  A two-headed ogre (D:5)
  The ghost of Tiareth the Thaumaturge, a novice DEWz of Sif Muna (D:5)
  An ugly thing (D:5)
  A kobold demonologist (D:5)
  2 trolls
  A komodo dragon (D:5)
  A hornet (D:5)
  A wraith (D:6)
  2 hippogriffs (D:5)
  A steam dragon (D:6)
  12 yaks
  A slime creature (D:2)
  A vampire mosquito (D:6)
  A bone scorpion (D:5)
  A phantom (D:3)
  A water moccasin (D:2)
  6 orc warriors
  3 porcupines (D:5)
  A scorpion (D:5)
  A necrophage (D:5)
  An ice beast (D:5)
  A sky beast (D:5)
  10 ogres
  A crocodile (D:2)
  15 big kobolds
  3 gnoll sergeants (D:6)
  2 centaurs
  5 howler monkeys
  4 killer bees (D:5)
  A wight (D:6)
  A hornet zombie (D:4)
  5 orc priests
  5 hounds
  9 jellies
  10 orc wizards
  Terence (D:2)
  3 iguanas (D:5)
  A worker ant (D:5)
  A wyvern skeleton (D:5)
  A water moccasin skeleton (D:5)
  8 giant cockroaches
  2 boggart skeletons
  A cysgobwca (D:3)
  10 adders
  2 gnolls (D:6)
  44 sewer rats (D:2)
  5 worms
  11 cinder newts
  7 bullfrogs
  A hound zombie (D:5)
  A worker ant zombie (D:5)
  A hound skeleton (D:5)
  8 oozes
  2 dart slugs
  7 leopard geckos
  18 orcs
  5 adder skeletons
  An adder zombie (D:5)
  4 ball pythons
  12 bats
  5 cinder newt skeletons (D:2)
  4 goblins (D:1)
  4 hobgoblins (D:1)
  8 jackals
  2 bat skeletons (D:2)
  A hobgoblin skeleton (D:2)
  32 kobolds
  A kobold skeleton (D:2)
  9 rats
  17 withered plants (D:2)
353 creatures vanquished.

Vanquished Creatures (collateral kills)
  A big kobold (D:5)
1 creature vanquished.

Vanquished Creatures (others)
  3 jellies (D:2)
  An orc wizard (D:4)
  3 giant cockroaches (D:2)
  3 sewer rats (D:2)
  A ball python (D:2)
  A cinder newt skeleton (D:2)
  A bat (D:2)
  2 rat skeletons (D:2)
  3 fungi (D:5)
  A giant blowfly (D:2)
  9 plants (D:5)
  2 slimeheads (D:2)
  115 withered plants (D:2)
145 creatures vanquished.

Grand Total: 499 creatures vanquished

Notes
Turn   | Place    | Note
-------+----------+-------------------------------------------
     0 | D:1      | pipel the Minotaur Berserker began the quest for the Orb.
     0 | D:1      | Reached XP level 1. HP: 29/29 MP: 0/0
    20 | D:1      | Reached skill level 4 in Long Blades
    20 | D:1      | Reached XP level 2. HP: 33/39 MP: 1/1
   276 | D:1      | Reached XP level 3. HP: 49/49 MP: 2/2
   436 | D:1      | Reached XP level 4. HP: 59/59 MP: 3/3
   517 | D:1      | Reached ** piety under Trog
   517 | D:1      | Reached skill level 5 in Long Blades
   547 | D:1      | Reached skill level 1 in Unarmed Combat
  1226 | D:2      | Noticed a crocodile
  1233 | D:2      | Killed a crocodile
  1233 | D:2      | Reached XP level 5. HP: 69/69 MP: 4/4
  1235 | D:2      | Reached skill level 6 in Long Blades
  1447 | D:2      | Reached XP level 6. HP: 79/79 MP: 5/5
  1466 | D:2      | Reached skill level 5 in Fighting
  1494 | D:2      | Identified the cursed amulet "Comos" {+Inv Regen+ Dex-2
                  | Slay+3, (Curse: MR-)}
  1495 | D:2      | Reached *** piety under Trog
  1694 | D:2      | Reached XP level 7. HP: 77/89 MP: 6/6
  1766 | D:2      | Reached skill level 7 in Long Blades
  1911 | D:2      | Reached **** piety under Trog
  2063 | D:2      | Found a sacrificial altar of Ru.
  2153 | D:2      | Noticed Terence
  2164 | D:2      | Killed Terence
  2197 | D:2      | Reached skill level 8 in Long Blades
  2275 | D:2      | Reached XP level 8. HP: 99/99 MP: 7/7
  2421 | D:2      | Reached skill level 5 in Armour
  2650 | D:2      | Reached skill level 5 in Unarmed Combat
  2702 | D:2      | Found a white marble altar of Elyvilon.
  2816 | D:2      | Identified a scroll of acquirement
  2907 | D:2      | Got the +0 plate armour of Contentment {rF- Regen+ Dex+6}
  2937 | D:2      | Reached ***** piety under Trog
  3185 | D:2      | Reached skill level 9 in Long Blades
  3712 | D:3      | Found a blossoming altar of Fedhas.
  3733 | D:3      | Reached skill level 1 in Shields
  3891 | D:3      | Reached skill level 1 in Stealth
  3895 | D:3      | Reached XP level 9. HP: 108/108 MP: 8/8
  4605 | D:4      | Found a staircase to the Ecumenical Temple.
  4867 | D:4      | Found a blossoming altar of Fedhas.
  4965 | D:5      | Entered Level 5 of the Dungeon
  4975 | D:5      | Found a white marble altar of Elyvilon.
  5027 | D:5      | Reached skill level 10 in Long Blades
  5042 | D:5      | Found a runed translucent gate.
  5042 | D:5      | Noticed a two-headed ogre
  5043 | D:5      | Found a runed translucent gate.
  5044 | D:5      | Found a runed translucent gate.
  5044 | D:5      | Noticed a kobold demonologist
  5049 | D:5      | Killed a two-headed ogre
  5200 | D:5      | Reached skill level 11 in Long Blades
  5270 | D:5      | Found a staircase to the Lair.
  5404 | D:5      | Reached XP level 10. HP: 118/118 MP: 9/9
  5458 | D:5      | Noticed Tiareth's ghost (novice DEWz)
  5525 | D:4      | Identified the +10 great sword of World Downfall
                  | {antimagic, *Slow rPois rC+ Str+7 Int+2} (Trog gifted it to
                  | you on level 4 of the Dungeon)
  5525 | D:4      | Received a gift from Trog
  5561 | D:5      | Reached skill level 12 in Long Blades
  5675 | D:5      | Reached skill level 13 in Long Blades
  5678 | D:5      | Reached ****** piety under Trog
  5904 | D:5      | Found an ornate altar of the Wu Jian Council.
  5996 | D:5      | Reached XP level 11. HP: 118/128 MP: 6/10
  6070 | D:5      | Found a portal to a secret trove of treasure.
  6256 | D:5      | Killed Tiareth's ghost
  6256 | D:5      | Reached skill level 14 in Long Blades
  6261 | D:5      | Identified the +7 short sword "Exealef" {elec, rF++ Dex+3}
                  | (You took it off a big kobold on level 5 of the Dungeon)
  6469 | D:6      | Received a gift from Trog
  6529 | D:6      | Reached skill level 15 in Long Blades
  6532 | D:6      | Found a staircase to the Orcish Mines.
  6540 | D:6      | Slain by an ogre

Illustrated notes

Levels and vault maps discovered:
D:1:      minmay_arrival_loop, layout_loops_ring, minmay_misc_feat_more_columns,
          cheibrodos_sewer_entry_sluice
D:2:      layout_sewer, nicolae_ru_awakened_eye, elyvilon_niche, uniq_terence
D:3:      layout_loops_corners, first_ration, fedhas_ov_isle_minmay
D:4:      layout_irregular_city, kennysheep_mini,
          minmay_temple_entry_butterflies
D:5:      layout_basic, lemuel_crystal_altar, marbit_many_paths,
          david_lair_shrubbed, gammafunk_ghost_nasty_kobolds, enter_trove_3
D:6:      layout_gridville, kennysheep_orc_monster_closet_entryway, basic_altar,
          hangedman_ranch [blue_anna_fruit_fields]

Skill      XL: |  1  2  3  4  5  6  7  8  9 10 11 |
---------------+----------------------------------+-----
Fighting       | 4 5 6 7 8 9 |  9.1
Long Blades    | 4 5 6 8 9 11 13 15 | 15.1
Unarmed Combat | 1 2 3 4 5 |  5.8
Armour         | 3 4 6 7 9 |  9.7
Dodging        | 3 4 |  4.0
Shields        | 1 3 4 |  4.5
Stealth        | 1 |  1.4
Evocations     | |  0.4

Action                   |  1- 3 |  4- 6 |  7- 9 | 10-12 || total
-------------------------+-------+-------+-------+-------++-------
Melee: Falchion          |    40 |   109 |   353 |    50 ||   552
       Unarmed           |    29 |    77 |   124 |       ||   230
       Headbutt          |     3 |    19 |    97 |    46 ||   165
       Great sword       |       |       |       |   121 ||   121
Invok: Berserk           |       |     2 |     4 |     4 ||    10
       Trog's Hand       |       |       |       |     1 ||     1
       Brothers in Arms  |       |       |       |     1 ||     1
 Abil: Evoke Invisibilit |       |       |       |     1 ||     1
Evoke: Wand              |       |       |       |     1 ||     1
  Use: Scroll            |       |       |     1 |     1 ||     2
 Stab: Invisible         |       |       |       |     3 ||     3
       Distracted        |       |       |       |     1 ||     1
  Eat: Chunk             |       |     4 |    16 |     7 ||    27
Armor: Animal skin       |    14 |     3 |       |       ||    17
       Ring mail         |       |    28 |    39 |       ||    67
       Plate armour      |       |       |    75 |    85 ||   160
Dodge: Dodged            |    13 |    27 |    58 |    38 ||   136
Block: Heater shield     |       |       |    66 |    13 ||    79
       Rpst.: Falchion   |     4 |     7 |    10 |     1 ||    22
       Great sword       |       |       |       |     8 ||     8
